 Dungeon Crawl Stone Soup version 0.22.0-75-g3901e7991e (webtiles) character file.

63 Americanboy the Shooter (level 3, -4/30 HPs)
             Began as a Centaur Hunter on Sept 12, 2018.
             Killed by divine providence
             ... invoked by an orc priest
              (11 damage)
             ... on level 2 of the Dungeon.
             The game lasted 00:02:48 (2035 turns).

Americanboy the Shooter (Centaur Hunter)            Turns: 2035, Time: 00:02:48

Health: -4/30      AC:  7    Str: 14    XL:     3   Next: 87%
Magic:  3/3        EV:  8    Int: 10    God:
Gold:   47         SH:  0    Dex: 10    Spells: 2/2 levels left

rFire    . . .     SeeInvis .   b - +0 short sword
rCold    . . .     Gourm    .   (no shield)
rNeg     . . .     Faith    .   l - +2 ring mail {rPois}
rPois    +         Spirit   .   (no helmet)
rElec    .         Reflect  .   (no cloak)
rCorr    .         Harm     .   (no gloves)
MR       .....                  (no barding)
Stlth    ..........             (no amulet)
HPRegen  0.10/turn              (no ring)
MPRegen  0.08/turn              (no ring)

@: very quick
A: large, hooves 3, deformed body, speed 2, tough skin 3
a: no special abilities


You were on level 2 of the Dungeon.
You were not hungry.

You visited 1 branch of the dungeon, and saw 3 of its levels.

You collected 47 gold pieces.

Inventory:

Hand Weapons
 a - a +1 shortbow
 b - a +0 short sword (weapon)
Armour
 l - a +2 ring mail of poison resistance (worn)
Wands
 k - a wand of clouds (5)
Scrolls
 e - 3 scrolls of remove curse
 j - a scroll of fear {unknown}
Potions
 g - a potion of flight
 i - a potion of brilliance {unknown}
Comestibles
 f - 2 rations


   Skills:
 * Level 2.7 Fighting
 + Level 0.6 Short Blades
 + Level 6.3 Bows
 + Level 0.5 Armour
 + Level 1.4 Dodging
 + Level 0.5 Stealth


You had 2 spell levels left.
You didn't know any spells.
Your spell library was empty.

Dungeon Overview and Level Annotations

Branches:
Dungeon (3/15)

Altars:
Ashenzari
Nemelex Xobeh
The Shining One


Innate Abilities, Weirdness & Mutations

You have hooves in place of feet.
Armour fits poorly on your strangely shaped body.
You cover ground very quickly.
You have extremely tough skin. (AC +3)


Message History

The orc priest is severely wounded.
The orc priest closely misses you. The orc priest barely misses you.
You closely miss the orc priest. Your kick misses the orc priest.
The orc priest is severely wounded.
The orc priest closely misses you.
You barely miss the orc priest.
The orc priest is severely wounded.
The orc priest hits you.
You hit the orc priest but do no damage.
The orc priest is severely wounded.
The orc priest hits you.
* * * LOW HITPOINT WARNING * * *
You closely miss the orc priest.
The orc priest is severely wounded.
The orc priest closely misses you.
You barely miss the orc priest. Your kick misses the orc priest.
The orc priest is severely wounded.
The orc priest invokes the aid of Beogh against you.
Beogh smites you!
You die...

######### ........# #######
........# #.....#
........######.###.##
...............o@...#
........######.####.##
.....................#####
#.#.......##..........##.#
#.........#.........#.##.#
###.......##<.........##.#
# #.#########............#
#
#.#########.#.......##.####
#
#....#....................#


You could see an orc priest.

Vanquished Creatures
  An adder (D:2)
  A worm (D:2)
  A dart slug (D:3)
  A leopard gecko (D:1)
  2 orcs
  4 bats
  3 giant cockroaches
  7 goblins
  8 hobgoblins
  A frilled lizard (D:1)
  7 kobolds
  6 rats
42 creatures vanquished.

Notes
Turn   | Place    | Note
-------+----------+-------------------------------------------
     0 | D:1      | Americanboy the Centaur Hunter began the quest for the Orb.
     0 | D:1      | Reached XP level 1. HP: 17/17 MP: 1/1
   122 | D:1      | Reached XP level 2. HP: 24/24 MP: 2/2
   124 | D:1      | Reached skill level 6 in Bows
   426 | D:1      | Found a glowing golden altar of the Shining One.
   574 | D:1      | Reached XP level 3. HP: 21/30 MP: 3/3
  1142 | D:2      | Found a shattered altar of Ashenzari.
  1342 | D:2      | Found a sparkling altar of Nemelex Xobeh.
  2035 | D:2      | Killed from afar by an orc priest

Skill      XL: |  1  2 |
---------------+-------+-----
Bows           | 6 |  6.3
Fighting       | |  2.7
Short Blades   | |  0.6
Armour         | |  0.5
Dodging        | |  1.4
Stealth        | |  0.5

Action                   || total
-------------------------++-------
Melee: Short sword       ||    91
       Kick              ||    16
 Fire: Shortbow          ||    75
  Use: Scroll            ||     5
       Potion            ||     1
  Eat: Ration            ||     1
Armor: Leather armour    ||    47
       Ring mail         ||     7
Dodge: Dodged            ||    58
